 Dungeon Sprint DCSS version 0.27-a0-550-ge92ec0ca06 (webtiles) character file.

Game seed: 16166405825254974920

18 sahdkjhfkaj the Digger (level 2, -13/15 HPs)
             Began as a Gargoyle Earth Elementalist on Mar 8, 2021.
             Was an Initiate of Vehumet.
             Mangled by Arachne
             ... wielding a staff of poison
              (28 damage)
             ... in the Dungeon (Sprint VII: "The Pits").
             The game lasted 00:00:42 (362 turns).

sahdkjhfkaj the Digger (Gargoyle Earth Elementalist) Turns: 362, Time: 00:00:42

Health: -13/15     AC:  4    Str: 11    XL:     2   Next: 70%
Magic:  3/5        EV: 11    Int: 15    God:    Vehumet [......]
Gold:   0          SH:  0    Dex: 10    Spells: 4/5 levels left

rFire    . . .     SeeInvis .   k - +2 falchion
rCold    . . .     Faith    .   (no shield)
rNeg     + . .     Spirit   .   c - +0 robe
rPois    ∞         Reflect  .   (no helmet)
rElec    +         Harm     .   (no cloak)
rCorr    .         Rampage  .   (no gloves)
Will     .....     NoTele   +   (no boots)
Stlth    ++........             (no amulet)
HPRegen  0.05/turn              (no ring)
MPRegen  0.09/turn              (no ring)

@: very slightly contaminated, invisible
A: negative energy resistance 1, electricity resistance, torment resistance 1,
unbreathing 1, petrification resistance, AC +2
a: Renounce Religion


You were in the Dungeon.
You worshipped Vehumet.
Vehumet was noncommittal.
You visited 1 branch

Inventory:

Hand Weapons
 k - a +2 falchion (weapon)
Missiles
 b - 27 stones
Armour
 c - a +0 robe (worn)
Scrolls
 d - 5 scrolls of amnesia
 i - a scroll of blinking
 j - a scroll of summoning
Potions
 a - a potion of invisibility
 e - a potion of heal wounds
 f - a potion of haste
 g - 4 potions of magic
 h - 3 potions of berserk rage


   Skills:
 - Level 1.5 Dodging
 - Level 2.1 Stealth
 - Level 2.0 Spellcasting
 - Level 0.7 Transmutations
 + Level 7.2 Earth Magic


You had 4 spell levels left.
You knew the following spells:

 Your Spells              Type           Power      Damage    Failure   Level
a - Sandblast             Erth           46%        2d11      1%          1

Your spell library contained the following spells:

 Spells                   Type           Power      Damage    Failure   Level
 Passwall                 Tmut/Erth      10%        N/A       6%          2
 Stone Arrow              Conj/Erth      24%        3d8       16%         3
 Petrify                  Tmut/Erth      13%        N/A       38%         4
 Lee's Rapid Deconstruct  Erth           11%        3d9*      30%         5


Dungeon Overview and Level Annotations

Branches:
Dungeon (1/1)

Altars:
Ashenzari
Cheibriados
Dithmenos
Elyvilon
Fedhas
Gozag
Hepliaklqana
Kikubaaqudgha
Makhleb
Nemelex Xobeh
Okawaru
Qazlal
Ru
Sif Muna
Trog
Uskayaw
Vehumet
Wu Jian
Xom
Yredelemnul
Zin
The Shining One
Beogh
Jiyva
Lugonu

Annotations:
D Arachne


Innate Abilities, Weirdness & Mutations

Your stone body is resilient. (AC +2)
You are immune to poison.
You resist negative energy. (rN+)
You are resistant to electric shocks. (rElec)
You are resistance to unholy torment.
You can survive without breathing.
You are immune to petrification.


Message History

You open the huge gate.
There is a huge open gate to the Grid Vault (Hard) here.
There is a huge open gate to the Grid Vault (Hard) here.
You open the huge gate.
There is a huge open gate to the Main Hall (Safe) here.
There is a huge open gate to the Grid Vault (Hard) here.
As you open the huge gate, it creaks loudly!
There is a huge open gate to a Minivault (Hard) here.
Key pressed, stopping explore.
There is a huge open gate to a Minivault (Hard) here.
You open the door.
A deep elf annihilator, a nagaraja, a frost giant, Arachne and a simulacrum come into view.
The frost giant is wielding a +1 battleaxe of freezing.
Arachne is wielding a staff of poison.
The nagaraja shouts!
Arachne shouts!
The deep elf annihilator shouts!
You hear a chilling moan.
You hear an angry squeal.
Arachne opens the door.
The nagaraja spits poison at you.
The splash of poison hits you but does no damage.
You resist.
A hog comes into view.
The frost giant moves out of view.
Found a +2 chain mail of willpower and a lightning rod (4/4).
A spriggan comes into view. It is wielding a +0 short sword.
Unknown command.
Okay, then.
You fade into invisibility!
The hog barely misses you.
The deep elf annihilator gestures wildly while chanting.
The deep elf annihilator blinks!
You are very lightly contaminated with residual magic.
Arachne stares at you and mumbles some strange words.
The poison arrow misses you.
The blast of sand hits Arachne.
Arachne is lightly wounded.
The blast of sand misses Arachne.
The blast of sand hits the nagaraja.
The nagaraja is lightly wounded.
Arachne completely misses you.
Arachne hits you with a staff of poison!!
Ouch! That really hurt!
You die...

..............''..........
..............''..........
############..##..#....#..
#..##..........
#..##..........
#..####''####++
#..####''### #..##......#
#########+##..##@#+##.#
..............##H# .#
........... #Nhe.# #
###''###### #.#ZZ+
###''###### #.'}.#
..........# #.# +#
#..#......# #..
..........+ ###
..........+


You could see Arachne, a nagaraja, a hog and a leopard gecko simulacrum.

Vanquished Creatures
  A river rat (D)
  An adder (D)
2 creatures vanquished.

Notes
Turn   | Place    | Note
-------+----------+-------------------------------------------
     0 | D        | sahdkjhfkaj the Gargoyle Earth Elementalist began the quest
                  | for the Orb.
     0 | D        | Reached XP level 1. HP: 10/10 MP: 3/3
    37 | D        | Reached skill level 6 in Earth Magic
    37 | D        | Reached XP level 2. HP: 7/15 MP: 0/5
   186 | D        | Found a bloodstained altar of Trog.
   186 | D        | Found a shimmering blue altar of Sif Muna.
   186 | D        | Found a viscous altar of Jiyva.
   186 | D        | Found a hazy altar of Hepliaklqana.
   186 | D        | Found an opulent altar of Gozag.
   187 | D        | Found a glowing golden altar of the Shining One.
   187 | D        | Found a glowing silver altar of Zin.
   187 | D        | Found a shimmering altar of Xom.
   187 | D        | Found an ornate altar of the Wu Jian Council.
   187 | D        | Found a sacrificial altar of Ru.
   187 | D        | Found a stormy altar of Qazlal.
   187 | D        | Found an iron altar of Okawaru.
   187 | D        | Found a sparkling altar of Nemelex Xobeh.
   187 | D        | Found a burning altar of Makhleb.
   187 | D        | Found a blossoming altar of Fedhas.
   187 | D        | Found a white marble altar of Elyvilon.
   187 | D        | Found a shadowy altar of Dithmenos.
   187 | D        | Found a snail-covered altar of Cheibriados.
   188 | D        | Found a radiant altar of Vehumet.
   188 | D        | Found a corrupted altar of Lugonu.
   189 | D        | Found an ancient bone altar of Kikubaaqudgha.
   189 | D        | Found a hide-covered altar of Uskayaw.
   189 | D        | Found a broken altar of Ashenzari.
   196 | D        | Became a worshipper of Vehumet
   244 | D        | Reached skill level 7 in Earth Magic
   358 | D        | Noticed a deep elf annihilator
   358 | D        | Noticed a frost giant
   358 | D        | Noticed a nagaraja
   358 | D        | Noticed Arachne
   358 | D        | Noticed a hog
   359 | D        | Noticed a spriggan
   362 | D        | Mangled by Arachne

Illustrated notes

Levels and vault maps discovered:
D:        pitsprint [storerooms_1, entrance_room_1, metal_vault_1, armoury_2,
          mini_pit_1, grid_room_1, main_hall_1, silver_pit, the_coven_2,
          the_vestibule_1, steel_vault_3, golden_pit, hallway_of_sentries,
          crystal_vault_3, iron_vault_2, final_vault]

Skill      XL: |  1  2 |
---------------+-------+-----
Earth Magic    | 6 7 |  7.2
Dodging        | |  1.5
Stealth        | |  2.1
Spellcasting   | |  2.0
Transmutations | |  0.7

Action                   || total
-------------------------++-------
Melee: Unarmed           ||     1
 Cast: Sandblast         ||    13
  Use: Potion            ||     2
Armor: Robe              ||     4
Dodge: Dodged            ||    13
       Rpst.: Falchion   ||     1

Table legend: (Time is in decaauts)
 A = Elapsed time spent in this place.
 B = Non-inter-level travel time spent in this place.
 C = Inter-level travel time spent in this place.
 D = Time resting spent in this place.
 E = Time spent auto-exploring this place.
 F = Levels seen in this place.
 G = Mean time per level.
                   A        B        C        D        E       F      G
               +--------+--------+--------+--------+--------+-----+--------+
         Total |    361 |    361 |      0 |    144 |    114 |   1 |  361.0 |
       Dungeon |    361 |    361 |      0 |    144 |    114 |   1 |  361.0 |
               +--------+--------+--------+--------+--------+-----+--------+

Top non-repeatable levels by time:
       D: 361 daAuts
